Map: Ulrena

Players

EkEkDlRtjS - Winner!

  • Race: Terran Terran
  • League: Master

ILLBdA

  • Race: Protoss Protoss
  • League: Diamond

VOD

Have the link to the VOD?

Description

Time

  • Played on: Dec. 23, 2015, 12:43 a.m.
  • Length: 12:16
Show
View Real Time Build Order
Export as new Build Order

EkEkDlRtjS Terran - Winner!

Build Orders:  

Get SALT Encoding   

  12  0:00  SCV  
  13  0:13  SCV  
  14  0:18  Supply Depot  
  14  0:25  SCV  
  15  0:39  SCV  
  15  0:41  Barracks  
  16  0:46  Refinery  
  16  0:51  SCV  
  17  1:04  Barracks  
  17  1:06  SCV  
  18  1:27  Marine  
  18  1:47  Command Center  
  16  2:27  Orbital Command  
  16  3:01  Orbital Command  
  16  3:09  SCV  
  17  3:22  Supply Depot  
  17  3:24  Refinery  
  17  3:25  Refinery  
  17  3:29  SCV  
  17  3:30  SCV  
  17  3:32  Barracks Tech Lab  
  19  3:42  SCV  
  19  3:45  Barracks  
  19  3:48  SCV  
  21  3:54  SCV  
  22  3:57  Barracks  
  22  4:05  Engineering Bay  
  22  4:06  SCV x2  
  24  4:14  Supply Depot  
  24  4:18  SCV  
  25  4:25  Barracks  
  25  4:28  Engineering Bay  
  25  4:29  Marine  
  25  4:34  Marine  
  26  4:42  SCV  
  26  4:45  Marine  
  28  4:47  Marine  
  28  4:52  Marine  
  29  4:54  Barracks  
  30  5:02  Marine  
  30  5:05  Marine  
  32  5:10  Marine  
  33  5:20  Factory, Marine  
  34  5:22  Marine  
  34  5:28  Marine  
  36  5:32  Supply Depot  
  36  5:34  Supply Depot  
  35  5:38  SCV, Marine  
  36  5:50  SCV  
  36  5:52  Refinery  
  36  5:54  Supply Depot, Refinery  
  36  5:55  Supply Depot  
  37  6:02  SCV  
  37  6:07  Barracks  
  37  6:08  Factory Tech Lab  
  37  6:09  Barracks  
  37  6:11  Starport, Barracks x2  
  37  6:14  SCV  
  38  6:26  SCV  
  30  6:39  SCV  
  30  6:42  Factory Tech Lab  
  29  6:51  SCV  
  28  6:56  Barracks Tech Lab  
  28  6:57  Barracks Tech Lab  
  28  6:58  Barracks Reactor x2  
  26  7:05  Command Center  
  26  7:06  Banshee, Cloaking Field  
  26  7:08  Siege Tank  
  28  7:09  SCV  
  28  7:13  Command Center  
  25  7:16  Missile Turret  
  24  7:49  Banshee, Barracks x2, SCV  
  24  7:50  Barracks x2  
  28  7:57  Supply Depot  
  28  7:58  Supply Depot  
  28  8:01  SCV  
  28  8:02  Supply Depot x2  
  28  8:11  Siege Tank  
  28  8:13  SCV  
  29  8:25  SCV  
  30  8:38  SCV  
  30  8:39  Barracks Tech Lab  
  30  8:40  Barracks Tech Lab  
  31  8:50  SCV  
  32  9:03  Medivac  
  34  9:17  Marine x4  
  35  9:31  Stimpack  
  35  9:33  Barracks Reactor  
  35  9:34  Barracks Reactor  
  35  9:35  Marine x2  
  37  9:54  Marine x2  
  37  9:58  Command Center, Medivac  
  37  9:59  Marine x4  
  45  10:09  Combat Shields  
  45  10:11  Marine  
  45  10:12  Marine  
  47  10:17  Marine x3  
  50  10:22  Marine x4  
  50  10:26  Supply Depot  
  54  10:29  Marine x2  
  54  10:31  Supply Depot  
  56  10:44  Marine x2  
  56  10:45  Marine x2  
  56  10:47  Marine  
  61  10:58  Supply Depot  
  61  11:02  Supply Depot  
  61  11:04  Marine  
  62  11:13  Supply Depot  
  62  11:21  Medivac  
  64  11:31  Orbital Command  
  64  11:36  Marine  
  64  11:39  Marine  
Show
View Real Time Build Order
Export as new Build Order

ILLBdA Protoss 

Build Orders: Cannon Rush 

Get SALT Encoding   

  12  0:01  Probe (Chrono Boost)  
  13  0:11  Probe (Chrono Boost)  
  14  0:18  Pylon  
  14  0:22  Probe (Chrono Boost)  
  15  0:36  Probe (Chrono Boost)  
  15  0:37  Forge  
  16  0:47  Probe (Chrono Boost)  
  17  1:09  Pylon  
  17  1:13  Pylon x2  
  17  1:18  Pylon  
  17  1:29  Photon Cannon  
  17  1:37  Photon Cannon  
  17  1:42  Photon Cannon  
  17  1:55  Pylon  
  17  2:00  Probe (Chrono Boost)  
  18  2:02  Photon Cannon  
  18  2:11  Probe (Chrono Boost)  
  18  2:17  Photon Cannon  
  18  2:22  Probe (Chrono Boost)  
  19  2:27  Gateway  
  19  2:33  Probe (Chrono Boost)  
  19  2:36  Assimilator  
  20  2:40  Assimilator  
  21  2:44  Probe (Chrono Boost)  
  21  2:55  Probe (Chrono Boost)  
  21  2:57  Pylon  
  22  3:05  Gateway, Probe (Chrono Boost)  
  23  3:14  Cybernetics Core  
  23  3:16  Probe (Chrono Boost)  
  24  3:30  Gateway  
  24  3:51  Mothership Core (Chrono Boost)  
  24  3:53  Warp Gate  
  28  3:56  Stalker (Chrono Boost)  
  28  4:01  Stalker (Chrono Boost)  
  32  4:21  Stalker (Chrono Boost)  
  34  4:25  Pylon  
  34  4:26  Stalker (Chrono Boost)  
  34  4:27  Pylon x2  
  34  4:29  Stalker (Chrono Boost)  
  36  4:48  Pylon  
  36  4:51  Stalker (Chrono Boost)  
  40  4:56  Stalker (Chrono Boost)  
  40  4:57  Pylon  
  40  5:08  Stalker (Chrono Boost)  
  42  5:21  Stalker (Chrono Boost)  
  44  5:23  Gateway  
  42  6:04  Adept x3  
  48  6:23  Stalker x3  
  54  6:29  Adept  
  54  6:50  Nexus  
  54  6:51  Adept x2  
  58  7:01  Adept  
  58  7:02  Adept  
  62  7:09  Probe  
  63  7:18  Adept  
  63  7:19  Adept  
  67  7:32  Robotics Facility  
  67  8:03  Probe  
  68  8:05  Probe  
  67  8:13  Stalker  
  67  8:14  Stalker x2  
  67  8:15  Probe  
  67  8:17  Probe  
  74  8:21  Observer (Chrono Boost)  
  75  8:27  Probe  
  75  8:29  Probe  
  77  8:39  Probe  
  78  8:47  Pylon  
  78  8:51  Warp Prism (Chrono Boost)  
  77  9:18  Probe  
  77  9:20  Pylon  
  77  9:24  Observer (Chrono Boost)  
  79  9:32  Probe  
  79  9:33  Probe  
  81  9:45  Probe  
  82  9:52  Probe  
  83  9:59  Probe  
  84  10:06  Probe  
  84  10:14  Probe  
  84  10:18  Probe  
  79  10:22  Stargate  
  79  10:26  Probe  
  80  10:30  Probe  
  81  10:38  Probe  
  81  10:42  Probe  
  83  10:50  Probe  
  84  10:58  Probe  
  85  11:11  Fleet Beacon  
  85  11:25  Probe  
  85  11:29  Observer (Chrono Boost)  
  87  11:36  Stalker  
Tags
 
Matchup
PvT
Replay Pack
me
Add a new tag
Caveats
  • Supply blocks, unpowered buildings, or Contaminate may cause inaccurate times.
  • Supply counts are checked every 10 seconds.